 Dungeon Crawl Stone Soup version 0.31-a0-14-gc80a10f4b6 (webtiles) character file.

Game seed: 11944679126994620634

65 sampeng1 the Chopper (level 4, -3/34 (35) HPs)
             Began as a Human Berserker on May 8, 2023.
             Was a Believer of Trog.
             Slain by Robin
             ... wielding a +1 vampiric spear
              (6 damage)
             ... on level 3 of the Dungeon.
             The game lasted 00:07:35 (1827 turns).

sampeng1 the Chopper (Human Berserker)              Turns: 1827, Time: 00:07:36

HP:   -3/34 (35)    AC:  6    Str: 20    XL:     4   Next: 35%
MP:   4/4           EV: 10    Int:  7    God:    Trog [**....]
Gold: 81            SH:  3    Dex: 12    Spells: 3/3 levels left

rFire   . . .        a - +1 hand axe
rCold   . . .        h - +0 buckler
rNeg    . . .        e - +0 scale mail
rPois   .            (no helmet)
rElec   .            (no cloak)
rCorr   .            (no gloves)
SInv    .            (no boots)
Will    .....        (no amulet) Stlth
                     (no ring)
HPRegen 0.25/turn    (no ring)
MPRegen 0.09/turn

%: no passive effects
@: lightly drained
A: no striking features
a: Renounce Religion, Berserk, Trog's Hand


You were on level 3 of the Dungeon.
You worshipped Trog.
Trog was pleased with you.
You visited 1 branch of the dungeon, and saw 3 of its levels.

You collected 81 gold pieces.

Inventory:

Hand Weapons
 a - a +1 hand axe (weapon)
Armour
 b - a +0 animal skin
 e - a +0 scale mail (worn)
 h - a +0 buckler (worn)
 n - a +0 tower shield
Scrolls
 d - a scroll of acquirement {unknown}
 f - a scroll of enchant weapon
 g - a scroll of teleportation {unknown}
 j - a scroll of fear {unknown}
 l - a scroll of amnesia {unknown}
 o - a scroll of identify {unknown}
 p - a scroll of immolation {unknown}
Potions
 c - a potion of haste {unknown}
 i - 2 potions of attraction {unknown}
 k - a potion of flight {unknown}
 m - a potion of brilliance {unknown}


   Skills:
 + Level 3.5 Fighting
 + Level 3.5 Axes
 + Level 2.6 Armour
 + Level 2.6 Dodging
 + Level 0.4 Shields


You had 3 spell levels left.
You didn't know any spells.
Your spell library was empty.

Dungeon Overview and Level Annotations

Branches:
Dungeon (3/15)

Altars:

Annotations:
D:3 Robin


Message History

You kill the goblin!
Trog accepts your kill. The hobgoblin misses you.
The goblin hits you but does no damage. The hobgoblin hits you.
The goblin barely misses you.
You slash the hobgoblin!
You kill the hobgoblin!
Trog accepts your kill.
You hit the goblin.
You kill the goblin!
Trog accepts your kill.
You can now call upon Trog for regeneration and willpower.
You hit the hobgoblin.
You kill the hobgoblin!
Trog accepts your kill.
You barely miss the goblin. You closely miss the goblin. The goblin misses you.
The goblin hits you with a +1 dagger of draining.
You feel drained. Robin throws the goblin at you!
You closely miss the rat. You barely miss the goblin. You miss the goblin.
You hit the goblin. The goblin hits you with a +0 club.
The goblin closely misses you. You block the goblin's attack.
The rat bites you.
* * * LOW HITPOINT WARNING * * *
Robin roars a battlecry!
The goblins go into a battle-frenzy!
You hit the rat.
You kill the rat!
Trog accepts your kill.
You hit the goblin.
You kill the goblin!
Trog accepts your kill.
You hit the hobgoblin. You barely miss the goblin. You closely miss the goblin.
The goblin barely misses you.
Robin hits you from afar with a +1 vampiric spear.
* * * LOW HITPOINT WARNING * * *
The goblin hits you but does no damage. The hobgoblin hits you.
* * * LOW HITPOINT WARNING * * *
The goblin hits you with a +0 club.
* * * LOW HITPOINT WARNING * * *
Robin hits you from afar with a +1 vampiric spear.
You die...

.!... #...........
.....##..........
.................
....##........#######
.. #...............
#.......#.......
#.........g.....
#..†...)g)......
#.#.....@g......
#.#....)†g..#...
#...........'...
###.###.#...#... #.#
.....('...
#.#.#.#####...
..#...# ... . .## ..


You could see Robin, a hobgoblin (strong) and 2 goblins.

Vanquished Creatures
  Terence (D:2)
  A worm (D:2)
  4 endoplasms
  6 goblins
  5 hobgoblins
  3 quokkas
  6 ball pythons
  3 bats
  2 frilled lizards (D:2)
  3 kobolds (D:2)
  A rat (D:3)
35 creatures vanquished.

Notes
Turn   | Place    | Note
-------+----------+-------------------------------------------
     0 | D:1      | sampeng1 the Human Berserker began the quest for the Orb.
     0 | D:1      | Reached XP level 1. HP: 18/18 MP: 1/1
   157 | D:1      | Reached XP level 2. HP: 23/24 MP: 2/2
   584 | D:1      | Found a faded altar of an unknown god.
  1202 | D:2      | Reached XP level 3. HP: 20/29 MP: 3/3
  1335 | D:2      | Noticed Terence
  1348 | D:2      | Killed Terence
  1419 | D:2      | Reached XP level 4. HP: 35/35 MP: 4/4
  1819 | D:3      | Noticed Robin
  1825 | D:3      | Reached ** piety under Trog
  1827 | D:3      | Slain by Robin

Illustrated notes

Levels and vault maps discovered:
D:1:      shiori_arrival_elements, layout_basic,
          shapermc_ecumenical_altar_pompeii, minmay_tromino_v7
D:2:      layout_rooms, nicolae_underground_beach, uniq_terence
D:3:      layout_basic, lemuel_round_altar, hellmonk_ghost_happy_afterlife,
          serial_park_tiny_1, chequers_serial_rivers_micro_b,
          nicolae_figureground_sparkle, uniq_robin

Action                     |  1- 3 |  4- 6 || total
---------------------------+-------+-------++-------
  Melee: Hand axe          |    54 |    29 ||    83
 Invoke: Berserk           |     1 |       ||     1
    Use: Scroll            |     3 |       ||     3
         Potion            |     2 |       ||     2
 Armour: Scale mail        |    26 |    15 ||    41
  Dodge: Dodged            |    19 |    24 ||    43
  Block: Buckler           |     6 |     5 ||    11

Table legend: (Time is in decaauts)
 A = Elapsed time spent in this place.
 B = Non-inter-level travel time spent in this place.
 C = Inter-level travel time spent in this place.
 D = Time resting spent in this place.
 E = Time spent auto-exploring this place.
 F = Levels seen in this place.
 G = Mean time per level.
                   A        B        C        D        E       F      G
               +--------+--------+--------+--------+--------+-----+--------+
         Total |   1859 |   1541 |    318 |      0 |   1050 |   3 |  619.7 |
       Dungeon |   1859 |   1541 |    318 |      0 |   1050 |   3 |  619.7 |
               +--------+--------+--------+--------+--------+-----+--------+

Top non-repeatable levels by time:
     D:1: 1124 daAuts
     D:2: 695 daAuts
     D:3: 39 daAuts
